 Dungeon Crawl Stone Soup version 0.19.1-1-g22dce08 (webtiles) character file.

35 bombpersons the Ruffian (level 3, -7/29 HPs)
             Began as a Draconian Transmuter on Jan 1, 2017.
             Mangled by a gnoll
             ... wielding a +0 halberd
              (9 damage)
             ... on level 2 of the Dungeon.
             The game lasted 00:06:55 (1822 turns).

bombpersons the Ruffian (Draconian Transmuter)      Turns: 1822, Time: 00:06:57

Health: -7/29      AC:  5    Str: 13    XL:     3   Next: 16%
Magic:  5/6        EV: 12    Int: 13    God:
Gold:   97         SH:  0    Dex: 11    Spells: 2 memorised, 3 levels left

rFire  x . .     SeeInvis .       - Unarmed
rCold  + . .     Gourm    .     (armour unavailable)
rNeg   . . .     Faith    .     (no shield)
rPois  .         Spirit   .     (helmet restricted)
rElec  .         Reflect  .     (no cloak)
rCorr  .         Harm     .     (no gloves)
MR     .....                    (boots currently unavailable)
Stlth  +.........               (no amulet)
                                h - ring of wizardry
                                e - ring of ice

@: appendage
A: unfitting armour, talons 3, cold-blooded, AC +5
a: End Transformation


You were on level 2 of the Dungeon.
You were not hungry.
You had grown temporary talons.
You visited 1 branch of the dungeon, and saw 2 of its levels.

You collected 97 gold pieces.

Inventory:

Missiles
 a - 12 arrows
Jewellery
 e - a ring of ice (left hand)
 h - a ring of wizardry (right hand)
Scrolls
 c - a scroll of identify {unknown}
 g - 3 scrolls of remove curse {unknown}
 i - a scroll of amnesia {unknown}
Potions
 d - 3 potions of curing {unknown}
Books
 b - a book of Changes

   Spells                             Type                      Level
   a - Beastly Appendage              Transmutation                1
   b - Sticks to Snakes               Transmutation                2
   c - Spider Form                    Transmutation/Poison         3
   d - Ice Form                       Ice/Transmutation            4
   e - Blade Hands                    Transmutation                5
Comestibles
 f - a beef jerky


   Skills:
 * Level 1.9 Fighting
 + Level 2.0 Dodging
 * Level 3.4 Unarmed Combat
 + Level 2.2 Spellcasting
 + Level 2.2 Transmutations


You had 3 spell levels left.
You knew the following spells:

 Your Spells              Type           Power        Failure   Level  Hunger
a - Beastly Appendage     Tmut           #.....       4%          1    ##.....
b - Sticks to Snakes      Tmut           #.......     7%          2    ###....


Dungeon Overview and Level Annotations

Branches:
Dungeon (2/15)

Altars:


Innate Abilities, Weirdness & Mutations

Your plain brown scales are hard. (AC +5)
You cannot fit into any form of body armour.
You are cold-blooded and may be slowed by cold attacks.
You have claws for feet.


Message History

The gnoll hits you from afar with a halberd!
The gnoll barely misses you.
Casting: Beastly Appendage
Confirm with . or Enter, or press ? or * to list all spells.
Your feet morph into talons.
The gnoll closely misses you. The gnoll barely misses you. x2
The gnoll hits you from afar with a halberd.
* * * LOW HITPOINT WARNING * * *
The gnoll misses you. The gnoll closely misses you. The gnoll misses you.
The gnoll closely misses you. The gnoll closely misses you.
The gnoll hits you from afar with a halberd!
* * * LOW HITPOINT WARNING * * *
The gnoll closely misses you. The gnoll barely misses you.
The gnoll closely misses you.
You hit the gnoll. Your kick misses the gnoll.
The gnoll is moderately wounded.
The gnoll hits you from afar with a halberd!
You die...

#.# #....#.# #.#
##.#...# #.#
#.###.######## #.#
#...........#. #.#
#....######... #.#
###.#.##### #... #.#
#.........# #.g.
#.####g..###.g.###gg.
#...@gg..# #.g...#...
######g..###.........
#...........###.
#######...### . #...#
# #####


You could see 4 gnolls.

Vanquished Creatures
  2 dart slugs
  5 goblins
  7 hobgoblins
  3 jackals (D:1)
  4 bats
  2 frilled lizards (D:1)
  3 kobolds
  2 rats
28 creatures vanquished.

Notes
Turn   | Place    | Note
-------+----------+-------------------------------------------
     0 | D:1      | bombpersons the Draconian Transmuter began the quest for the Orb.
     0 | D:1      | Reached XP level 1. HP: 16/16 MP: 3/3
   466 | D:1      | Reached XP level 2. HP: 21/23 MP: 3/5
  1589 | D:1      | Learned a level 2 spell: Sticks to Snakes
  1656 | D:2      | Reached XP level 3. HP: 29/29 MP: 4/6
  1822 | D:2      | Mangled by a gnoll

Skill      XL: |  1 |
---------------+----+-----
Dodging        | 2 |  2.0
Fighting       | |  1.9
Unarmed Combat | |  3.4
Spellcasting   | |  2.2
Transmutations | |  2.2

Action                   || total
-------------------------++-------
Melee: Unarmed           ||    71
       Tailslap          ||     5
       Headbutt          ||     4
       Kick              ||     7
       Punch             ||     1
 Cast: Beastly Appendage ||    19
  Eat: Bread ration      ||     1
       Beef jerky        ||     1
Armor: Skin              ||    31
Dodge: Dodged            ||    88
